 Dungeon Sprint DCSS version 0.27-a0-1184-ge86db4a01e (webtiles) character file.

Game seed: 14751441040879103428

16 mhtbhm the Digger (level 2, 0/15 HPs)
             Began as a Deep Elf Earth Elementalist on May 18, 2021.
             Was a Follower of Vehumet.
             Slain by an ufetubus (1 damage)
             ... in the Dungeon (Sprint VII: "The Pits").
             The game lasted 00:00:42 (310 turns).

mhtbhm the Digger (Deep Elf Earth Elementalist)      Turns: 310, Time: 00:00:43

Health: 0/15       AC:  2    Str:  5    XL:     2   Next: 37%
Magic:  7/9        EV: 13    Int: 19    God:    Vehumet [*.....]
Gold:   0          SH:  0    Dex: 15    Spells: 7/9 levels left

rFire    . . .     SeeInvis .   l - +2 dagger (drain)
rCold    . . .     Faith    .   (no shield)
rNeg     . . .     Spirit   .   c - +0 robe
rPois    .         Reflect  .   (no helmet)
rElec    .         Harm     .   (no cloak)
rCorr    .         Rampage  .   (no gloves)
Will     .....     NoTele   +   (no boots)
Stlth    ++........             (no amulet)
HPRegen  0.05/turn              (no ring)
MPRegen  0.11/turn              (no ring)

@: no status effects
A: no striking features
a: Renounce Religion


You were in the Dungeon.
You worshipped Vehumet.
Vehumet was aware of your devotion.
You visited 1 branch

Inventory:

Hand Weapons
 l - a +2 dagger of draining (weapon)
Missiles
 b - 28 stones
Armour
 c - a +0 robe (worn)
Scrolls
 i - a scroll of blinking
 j - 5 scrolls of amnesia
 k - a scroll of summoning
Potions
 a - 2 potions of invisibility
 d - a potion of curing
 e - a potion of heal wounds
 f - a potion of haste
 g - 4 potions of magic
 h - 3 potions of berserk rage


   Skills:
 + Level 2.9 Dodging
 + Level 3.1 Stealth
 + Level 4.4 Spellcasting
 + Level 1.2 Transmutations
 + Level 5.1 Earth Magic


You had 7 spell levels left.
You knew the following spells:

 Your Spells              Type           Power      Damage    Failure   Level
a - Sandblast             Erth           46%        2d11      1%          1
b - Foxfire               Conj/Fire      16%        2x1d4     13%         1

Your spell library contained the following spells:

 Spells                   Type           Power      Damage    Failure   Level
 Passwall                 Tmut/Erth      13%        N/A       5%          2
 Stone Arrow              Conj/Erth      28%        3d8       14%         3
 Petrify                  Tmut/Erth      16%        N/A       34%         4
 Lee's Rapid Deconstruct  Erth           11%        3d9*      41%         5


Dungeon Overview and Level Annotations

Branches:
Dungeon (1/1)

Altars:
Ashenzari
Cheibriados
Dithmenos
Elyvilon
Fedhas
Gozag
Hepliaklqana
Kikubaaqudgha
Makhleb
Nemelex Xobeh
Okawaru
Qazlal
Ru
Sif Muna
Trog
Uskayaw
Vehumet
Wu Jian
Xom
Yredelemnul
Zin
The Shining One
Beogh
Jiyva
Lugonu


Message History

You kill the hobgoblin!
Vehumet accepts your kill.
Unknown command.
Unknown command.
Memorise Foxfire, consuming 1 spell level and leaving 7?
Vehumet grants you knowledge of Foxfire.
You start memorising the spell.
You continue memorising.
You finish memorising.
You add the spell Foxfire to your library.
Spell assigned to 'b'.
Unknown command.
There is an open door here.
You start resting.
Magic restored.
You open the large door.
An ufetubus comes into view.
The ufetubus shouts!
An adder zombie comes into view.
Unknown command.
There is an open door here.
Casting: Sandblast (safe; 1% risk of failure)
Confirm with . or Enter, or press ? or * to list all spells.
Aiming: Sandblast (safe; 1% risk of failure)
Press: ? - help, Shift-Dir - straight line, f - ufetubus
Aim: an ufetubus (68% to hit)
The blast of sand hits the ufetubus!
The ufetubus is almost dead.
The ufetubus hits you. x2
Unknown command.
Casting: Sandblast (safe; 1% risk of failure)
Confirm with . or Enter, or press ? or * to list all spells.
Aiming: Sandblast (safe; 1% risk of failure)
Press: ? - help, Shift-Dir - straight line, f/p - ufetubus
Aim: an ufetubus (almost dead, 68% to hit)
The blast of sand misses the ufetubus.
The blast of sand misses the adder zombie.
The ufetubus hits you. The ufetubus barely misses you. The ufetubus hits you.
* * * LOW HITPOINT WARNING * * *
The ufetubus hits you.
You die...

#.?..')))'.##......#..#.
##########.##...........
#...........'...........
#+#####†#####......#..#.
#. #...'.##...........
#..#...#.#####'#####++
#..#####.##.......#
#..'..Z#.##.......#
#..'..5@.##.......#
#..########...<...# #.
#.......# # #.......#
#.......# #########


You could see an ufetubus and an adder zombie.

Vanquished Creatures
  A river rat (D)
  A hobgoblin (D)
  3 jackals (D)
  A bat (D)
  A frilled lizard (D)
7 creatures vanquished.

Notes
Turn   | Place    | Note
-------+----------+-------------------------------------------
     0 | D        | mhtbhm the Deep Elf Earth Elementalist began the quest for
                  | the Orb.
     0 | D        | Reached XP level 1. HP: 10/10 MP: 6/6
    14 | D        | Reached skill level 4 in Earth Magic
   145 | D        | Found a bloodstained altar of Trog.
   145 | D        | Found a shimmering blue altar of Sif Muna.
   145 | D        | Found a viscous altar of Jiyva.
   145 | D        | Found a hazy altar of Hepliaklqana.
   145 | D        | Found an opulent altar of Gozag.
   146 | D        | Found a glowing golden altar of the Shining One.
   146 | D        | Found a glowing silver altar of Zin.
   146 | D        | Found a basalt altar of Yredelemnul.
   146 | D        | Found a shimmering altar of Xom.
   146 | D        | Found an ornate altar of the Wu Jian Council.
   146 | D        | Found a sacrificial altar of Ru.
   146 | D        | Found a stormy altar of Qazlal.
   146 | D        | Found an iron altar of Okawaru.
   146 | D        | Found a sparkling altar of Nemelex Xobeh.
   146 | D        | Found a burning altar of Makhleb.
   146 | D        | Found a blossoming altar of Fedhas.
   146 | D        | Found a white marble altar of Elyvilon.
   146 | D        | Found a shadowy altar of Dithmenos.
   146 | D        | Found a snail-covered altar of Cheibriados.
   148 | D        | Found a radiant altar of Vehumet.
   148 | D        | Found a corrupted altar of Lugonu.
   149 | D        | Found a hide-covered altar of Uskayaw.
   149 | D        | Found an ancient bone altar of Kikubaaqudgha.
   149 | D        | Found a broken altar of Ashenzari.
   156 | D        | Became a worshipper of Vehumet
   205 | D        | Reached skill level 5 in Earth Magic
   205 | D        | Reached XP level 2. HP: 15/15 MP: 2/9
   276 | D        | Reached * piety under Vehumet
   276 | D        | Offered knowledge of Foxfire by Vehumet.
   281 | D        | Learned a level 1 spell: Foxfire
   310 | D        | Slain by an ufetubus

Illustrated notes

Levels and vault maps discovered:
D:        pitsprint [storerooms_1, entrance_room_1, metal_vault_2, armoury_2,
          mini_pit_1, grid_room_1, main_hall_1, silver_pit, the_coven_1,
          the_vestibule_1, steel_vault_2, golden_pit, hallway_of_sentries,
          crystal_vault_4, iron_vault_2, final_vault]

Skill      XL: |  1 |
---------------+----+-----
Earth Magic    | 5 |  5.1
Stealth        | 3 |  3.1
Spellcasting   | 4 |  4.4
Dodging        | |  2.9
Transmutations | |  1.2

Action                   || total
-------------------------++-------
Melee: Dagger            ||     1
 Cast: Sandblast         ||    12
Armor: Robe              ||     1
Dodge: Dodged            ||     3

Table legend: (Time is in decaauts)
 A = Elapsed time spent in this place.
 B = Non-inter-level travel time spent in this place.
 C = Inter-level travel time spent in this place.
 D = Time resting spent in this place.
 E = Time spent auto-exploring this place.
 F = Levels seen in this place.
 G = Mean time per level.
                   A        B        C        D        E       F      G
               +--------+--------+--------+--------+--------+-----+--------+
         Total |    309 |    309 |      0 |    203 |      0 |   1 |  309.0 |
       Dungeon |    309 |    309 |      0 |    203 |      0 |   1 |  309.0 |
               +--------+--------+--------+--------+--------+-----+--------+

Top non-repeatable levels by time:
       D: 309 daAuts
